 Dungeon Crawl Stone Soup version 0.21-a0-91-ga5031da (webtiles) character file.

7636 nikopol the Thaumaturge (level 10, -6/52 HPs)
             Began as a Deep Elf Fire Elementalist on June 29, 2017.
             Was an Elder of Vehumet.
             Mangled by a yak (8 damage)
             ... on level 9 of the Dungeon.
             The game lasted 00:50:56 (11862 turns).

nikopol the Thaumaturge (DEFE)                     Turns: 11862, Time: 00:50:57

Health: -6/52      AC:  7    Str:  5    XL:     10   Next: 98%
Magic:  16/28      EV: 15    Int: 24    God:    Vehumet [****..]
Gold:   276        SH:  0    Dex: 15    Spells: 21/34 levels left

rFire    . . .     SeeInvis .   z - +2 dagger (speed)
rCold    . . .     Gourm    +   (no shield)
rNeg     . . .     Faith    .   a - +0 robe
rPois    .         Spirit   .   A - +1 hat
rElec    .         Reflect  .   v - +1 cloak
rCorr    .         Harm     .   W - +1 pair of gloves {archery}
MR       +....                  (no boots)
Stlth    +++.......             D - amulet of the gourmand
HPRegen  0.17/turn              n - ring of wizardry
MPRegen  0.21/turn              (no ring)

@: no status effects
A: no striking features
a: Renounce Religion


You were on level 9 of the Dungeon.
You worshipped Vehumet.
Vehumet was greatly pleased with you.
You were completely stuffed.

You visited 2 branches of the dungeon, and saw 10 of its levels.
You also visited: Sewer.

You collected 476 gold pieces.
You spent 200 gold pieces at shops.

Inventory:

Hand Weapons
 p - a +0 dagger of venom
 y - a +0 short sword of speed
 z - a +2 dagger of speed (weapon)
Armour
 a - a +0 robe (worn)
 v - a +1 cloak (worn)
 A - a +1 hat (worn)
 W - a +1 pair of gloves of archery (worn)
Jewellery
 n - a ring of wizardry (left hand)
 x - an uncursed ring of ice
 D - an amulet of the gourmand (around neck)
Wands
 j - a wand of polymorph (17/24)
 E - a wand of flame (48/48)
 J - a wand of iceblast (2/15)
 K - a wand of lightning (11/15)
 L - a wand of paralysis (8/24)
 Q - a wand of acid (1/15)
 S - a wand of confusion (15/48)
 T - a wand of iceblast (3/15)
 V - a wand of random effects (18/48)
 X - a wand of polymorph (8/24)
Scrolls
 f - 6 scrolls of remove curse
 l - 2 scrolls of recharging
 m - 3 scrolls of magic mapping
 q - 3 scrolls of blinking {unknown}
 s - a scroll of enchant armour {unknown}
 u - 2 scrolls of fear {unknown}
 w - 3 scrolls of amnesia {unknown}
 B - a scroll of noise {unknown}
 C - a scroll of fog {unknown}
 I - 3 scrolls of enchant weapon {unknown}
 N - a scroll of holy word {unknown}
 P - a scroll of silence {unknown}
 R - 4 scrolls of identify
 Y - a scroll of teleportation {unknown}
Potions
 d - 3 potions of flight
 e - 2 potions of mutation
 g - a potion of brilliance
 h - 3 potions of curing
 k - 4 potions of heal wounds
 o - a potion of resistance {unknown}
 r - a potion of berserk rage {unknown}
 t - 3 potions of agility
 F - a potion of might {unknown}
 H - 4 potions of haste
 M - a potion of lignification {unknown}
Books
 b - a book of Flames

   Spells                             Type                      Level
   a - Flame Tongue                   Conjuration/Fire             1
   b - Throw Flame                    Conjuration/Fire             2
   c - Conjure Flame                  Conjuration/Fire             3
   d - Inner Flame                    Hexes/Fire                   3
   e - Sticky Flame                   Conjuration/Fire             4
   f - Fireball                       Conjuration/Fire             5
 U - a book of Cantrips

   Spells                             Type                      Level
   a - Confusing Touch                Hexes                        1
   b - Animate Skeleton               Necromancy                   1
   c - Summon Small Mammal            Summoning                    1
   d - Apportation                    Translocation                1
Comestibles
 c - 7 bread rations
 i - 7 meat rations
 G - 2 fruits
 O - a royal jelly
 Z - 3 chunks of flesh


   Skills:
 + Level 1.4 Fighting
 + Level 4.7 Dodging
 + Level 4.7 Stealth
 + Level 12.8 Spellcasting
 + Level 10.0 Conjurations
 + Level 10.2 Fire Magic
 + Level 0.9 Ice Magic


You had 21 spell levels left.
You knew the following spells:

 Your Spells              Type           Power        Failure   Level  Hunger
a - Flame Tongue          Conj/Fire      #####        1%          1    None
b - Throw Flame           Conj/Fire      ######       1%          2    None
c - Conjure Flame         Conj/Fire      ######..     1%          3    None
d - Fireball              Conj/Fire      ######....   1%          5    ###....
e - Throw Frost           Conj/Ice       #####.       1%          2    None


Dungeon Overview and Level Annotations

Branches:
Dungeon (9/15)             Temple (1/1) D:4            Lair (0/6) D:9
    Orc: D:9-12

Altars:
Cheibriados
Dithmenos
Elyvilon
Fedhas
Nemelex Xobeh
Okawaru
Qazlal
Sif Muna
Trog
Vehumet
Wu Jian
Xom
Yredelemnul

Shops:
D:4 !   D:8 (

Annotations:
D:2 exclusion: oklob plant


Message History

The yak is engulfed in blazing flames.
The yak misses you. The yak closely misses you.
Casting: Flame Tongue
Confirm with . or Enter, or press ? or * to list all spells.
Aiming: Flame Tongue
Press: ? - help, Shift-Dir - straight line, f/p - yak
Aim: a yak (severely wounded)
The flame tongue misses the yak.
The yak is engulfed in blazing flames.
The yak closely misses you. The yak barely misses you.
Casting: Flame Tongue
Confirm with . or Enter, or press ? or * to list all spells.
Aiming: Throw Flame
Press: ? - help, Shift-Dir - straight line, f/p - yak
Aim: a yak (severely wounded)
The puff of flame hits the yak.
The yak is severely wounded.
The yak is engulfed in blazing flames.
The yak gores you!
* * * LOW HITPOINT WARNING * * *
The yak gores you!
You die...

...#......#...# #.....#.....
...'......#...########.....#.....
...#......#................#.....
...#.....(#..............###.....
...#......#............รท.#......#
...#......#..............######.#
...#......#...................###
...#......#......................
...#......#.....@Y#####..........
...########....##Y# #..........
...............# Y.. #..........
##.............+ .....#..........
#.............# .....#...#######
#.............# .....#...#
#.............# .....#..##
#.#########...# .....#..# ##.#
#.).# #..########


You could see 3 yaks.

Vanquished Creatures
  A two-headed ogre (D:9)
  Pikel (D:4)
  The ghost of wazuzu the Conjurer, a novice DrWz of Vehumet (D:5)
  Maurice (D:8)
  A hornet (D:8)
  A troll (D:9)
  A steam dragon (D:8)
  6 yaks
  A hungry ghost (D:7)
  Grum (D:9)
  Duvessa (D:4)
  3 ice beasts
  2 sky beasts
  A slave (D:4)
  2 orc warriors
  2 black bears
  5 ogres (D:8)
  A centaur (D:6)
  4 wolves
  3 phantoms
  A big kobold (Sewer)
  5 bullfrogs
  A scorpion (D:6)
  Dowan (D:4)
  A water moccasin skeleton (D:5)
  A quasit (D:8)
  3 crimson imps
  A gnoll shaman (D:9)
  2 hounds
  4 jellies
  5 orc priests
  Crazy Yiuf (D:3)
  An iguana (D:5)
  12 orc wizards
  10 worker ants
  2 hound skeletons
  16 gnolls
  13 adders
  5 river rats
  A shadow imp (D:5)
  2 oozes (D:1)
  An adder zombie (D:5)
  2 adder skeletons
  2 worms
  2 dart slugs
  7 leopard geckos
  36 orcs
  2 giant cockroaches
  10 hobgoblins
  10 jackals
  11 kobolds
  6 quokkas
  A ball python (D:3)
  3 bats (D:3)
  7 frilled lizards
  5 goblins
  A leopard gecko skeleton (D:6)
  9 rats
242 creatures vanquished.

Vanquished Creatures (others)
  A black bear (D:6)
  2 slaves (D:4)
  A leopard gecko (D:6)
4 creatures vanquished.

Grand Total: 246 creatures vanquished

Notes
Turn   | Place    | Note
-------+----------+-------------------------------------------
     0 | D:1      | nikopol the Deep Elf Fire Elementalist began the quest for the Orb.
     0 | D:1      | Reached XP level 1. HP: 10/10 MP: 6/6
   140 | D:1      | Reached XP level 2. HP: 15/15 MP: 6/8
   390 | D:1      | Learned a level 2 spell: Throw Flame
   914 | D:2      | Found a blossoming altar of Fedhas.
   925 | D:2      | Noticed an oklob plant
  1008 | D:2      | Found a shadowy altar of Dithmenos.
  1015 | D:2      | Reached skill level 4 in Spellcasting
  1015 | D:2      | Reached XP level 3. HP: 19/19 MP: 7/10
  1403 | D:2      | Reached XP level 4. HP: 14/24 MP: 2/12
  1966 | D:3      | Found a runed door.
  2257 | D:3      | Learned a level 3 spell: Conjure Flame
  2353 | D:3      | Found a snail-covered altar of Cheibriados.
  2601 | D:3      | Noticed Crazy Yiuf
  2607 | D:3      | Killed Crazy Yiuf
  2607 | D:3      | Reached XP level 5. HP: 21/28 MP: 3/14
  2734 | D:3      | Learned a level 5 spell: Fireball
  2856 | D:4      | Found a staircase to the Ecumenical Temple.
  2864 | Temple   | Entered the Ecumenical Temple
  2870 | Temple   | Became a worshipper of Vehumet
  2888 | D:4      | Reached skill level 5 in Spellcasting
  3525 | D:4      | Reached XP level 6. HP: 29/32 MP: 9/16
  3961 | D:4      | Found Leurros's Distillery.
  3965 | D:4      | Bought 2 potions of heal wounds for 100 gold pieces
  3965 | D:4      | Bought 2 potions of heal wounds for 100 gold pieces
  3983 | D:4      | Noticed a slave
  4004 | D:4      | Killed a slave
  4072 | D:4      | Noticed Pikel
  4073 | D:4      | Noticed a slave
  4074 | D:4      | Noticed a slave
  4078 | D:4      | Noticed a slave
  4081 | D:4      | Killed Pikel
  4081 | D:4      | Reached skill level 6 in Spellcasting
  4081 | D:4      | Reached XP level 7. HP: 36/36 MP: 7/19
  4240 | D:4      | Noticed Duvessa
  4240 | D:4      | Noticed Dowan
  4244 | D:4      | Killed Dowan
  4244 | D:4      | Reached skill level 7 in Spellcasting
  4244 | D:4      | Reached skill level 5 in Conjurations
  4245 | D:4      | Killed Duvessa
  4443 | D:3      | Reached XP level 8. HP: 26/41 MP: 4/21
  4736 | D:5      | Entered Level 5 of the Dungeon
  4762 | D:5      | Reached * piety under Vehumet
  4762 | D:5      | Offered knowledge of Sting by Vehumet.
  4840 | D:5      | HP: 1/41 [cloud of steam (6)]
  5095 | D:5      | Found a glowing drain.
  5102 | Sewer    | Entered a sewer
  5274 | Sewer    | Found a white marble altar of Elyvilon.
  5440 | D:5      | Reached skill level 8 in Spellcasting
  5594 | D:5      | Noticed wazuzu's ghost (novice DrWz)
  5614 | D:5      | Killed wazuzu's ghost
  5794 | D:5      | Found a basalt altar of Yredelemnul.
  5830 | D:5      | Reached skill level 9 in Spellcasting
  6009 | D:5      | Found an iron altar of Okawaru.
  6160 | D:5      | Reached XP level 9. HP: 31/46 MP: 15/24
  6387 | D:5      | Reached ** piety under Vehumet
  6387 | D:5      | Offered knowledge of Throw Frost by Vehumet.
  6391 | D:5      | Learned a level 2 spell: Throw Frost
  6690 | D:6      | Found a sparkling altar of Nemelex Xobeh.
  7198 | D:6      | Found an ornate altar of the Wu Jian Council.
  7213 | D:6      | Got an ancient cloak
  7236 | D:6      | Identified the cursed +0 cloak "Xyruoc" {Str+3 Dex+3} (You found it on level 6 of the Dungeon)
  8033 | D:7      | Found a deep blue altar of Sif Muna.
  8292 | D:7      | Reached skill level 10 in Spellcasting
  8301 | D:7      | Offered knowledge of Searing Ray by Vehumet.
  8499 | D:7      | Found a shimmering altar of Xom.
  8500 | D:7      | Found a shimmering altar of Xom.
  8500 | D:7      | Found a shimmering altar of Xom.
  8501 | D:7      | Found a shimmering altar of Xom.
  9346 | D:8      | Reached *** piety under Vehumet
  9356 | D:8      | Reached skill level 11 in Spellcasting
  9421 | D:8      | Reached XP level 10. HP: 51/51 MP: 17/27
  9581 | D:8      | Found Oxeng's Antique Weapon Shoppe.
  9584 | D:8      | Got a twisted whip
  9585 | D:8      | Identified the +6 whip "Cousuy" {elec, Str+2} (You found it on level 8 of the Dungeon)
  9881 | D:8      | Offered knowledge of Throw Icicle by Vehumet.
 10223 | D:8      | Noticed Maurice
 10229 | D:8      | Killed Maurice
 10911 | D:9      | Noticed Grum
 10922 | D:9      | Reached skill level 12 in Spellcasting
 11280 | D:9      | Killed Grum
 11284 | D:9      | Reached **** piety under Vehumet
 11284 | D:9      | Reached skill level 1 in Fighting
 11383 | D:9      | Noticed a two-headed ogre
 11388 | D:9      | Killed a two-headed ogre
 11388 | D:9      | Reached skill level 10 in Fire Magic
 11388 | D:9      | Offered knowledge of Dazzling Spray by Vehumet.
 11535 | D:9      | Found a staircase to the Lair.
 11543 | D:9      | Found a shimmering altar of Xom.
 11568 | D:9      | Reached skill level 10 in Conjurations
 11862 | D:9      | HP: 2/52 [yak (7)]
 11862 | D:9      | Mangled by a yak

Vault maps used:
D:1:      enne_arrival_octagon_isle, minmay_pentomino_o4
D:2:      nicolae_overflow_hidden_temple, nicolae_dithmenos_shadow_blocks,
          tgw_fedhas
D:3:      lemuel_round_altar, uniq_crazy_yiuf_cottage
D:4:      minmay_temple_entry_hall, serial_shops, kennysheep_mini, uniq_pikel,
          uniq_duvessa, uniq_eustachio
D:5:      kennysheep_little_box, lemuel_doored_altar, first_bread,
          lightli_sewer_entry_pipes, lightli_corner_chamber
D:6:      old_standard_altar, basic_altar, lemuel_flamethrower_2
D:7:      xom_shifter_show, basic_altar
D:8:      serial_shops, nicolae_shop_temple_entry_statues_fountains,
          uniq_maurice
D:9:      lair_entry_dummy, basic_altar, uniq_grum
Temple:   eino_wide_crystal_templ
Sewer:    sewer_kobolds

Skill      XL: |  1  2  3  4  5  6  7  8  9 10 |
---------------+-------------------------------+-----
Spellcasting   | 4 5 6 7 9 11 12 | 12.8
Stealth        | 3 4 |  4.7
Fire Magic     | 4 6 7 8 10 | 10.2
Conjurations   | 2 3 4 5 7 8 10 | 10.0
Dodging        | 3 4 |  4.7
Fighting       | 1 |  1.4
Ice Magic      | |  0.9

Action                   |  1- 3 |  4- 6 |  7- 9 | 10-12 || total
-------------------------+-------+-------+-------+-------++-------
Melee: Dagger            |    10 |       |     1 |       ||    11
 Cast: Flame Tongue      |    52 |   133 |   265 |   137 ||   587
       Throw Flame       |       |     5 |    46 |     8 ||    59
       Conjure Flame     |       |     8 |    12 |     6 ||    26
       Fireball          |       |       |    13 |    16 ||    29
       Throw Frost       |       |       |     3 |     7 ||    10
  Use: Scroll            |       |     7 |     8 |       ||    15
       Potion            |       |     1 |     2 |     2 ||     5
  Eat: Chunk             |     1 |    10 |    26 |     9 ||    46
Armor: Robe              |       |     9 |    14 |    16 ||    39
Dodge: Dodged            |    11 |    39 |    52 |    72 ||   174
